 Dungeon Crawl Stone Soup version 0.30-a0-4-ga7cffc901d (webtiles) character file.

Game seed: 3019215619911626835

4 frimble the Digger (level 1, -1/13 HPs)
             Began as a Demonspawn Earth Elementalist on Aug 20, 2022.
             Slain by a kobold
             ... wielding a +0 club
              (3 damage)
             ... on level 1 of the Dungeon.
             The game lasted 00:00:17 (327 turns).

frimble the Digger (Demonspawn Earth Elementalist)   Turns: 327, Time: 00:00:18

Health: -1/13      AC:  2    Str:  8    XL:     1   Next: 58%
Magic:  0/3        EV: 12    Int: 16    God:
Gold:   45         SH:  0    Dex: 13    Spells: 3/4 levels left

rFire   . . .      SeeInvis .    (no weapon)
rCold   . . .      Faith    .    (no shield)
rNeg    . . .      Spirit   .    a - +0 robe
rPois   .          Reflect  .    (no helmet)
rElec   .          Harm     .    (no cloak)
rCorr   .          Rampage  .    (no gloves)
Will    .....                    (no boots)
Stlth   ++........               (no amulet)
HPRegen 0.04/turn                (no ring)
MPRegen 0.08/turn                (no ring)

@: no status effects
A: no striking features
a: no special abilities


You were on level 1 of the Dungeon.
You visited 1 branch of the dungeon, and saw 1 of its levels.

You collected 45 gold pieces.

Inventory:

Armour
 a - a +0 robe (worn)
Jewellery
 c - a +6 ring of intelligence
Potions
 b - a potion of magic
 d - a potion of invisibility {unknown}


   Skills:
 + Level 1.8 Dodging
 + Level 1.9 Stealth
 + Level 2.0 Spellcasting
 + Level 1.0 Transmutations
 + Level 2.7 Earth Magic


You had 3 spell levels left.
You knew the following spells:

 Your Spells              Type           Power      Damage    Failure   Level
a - Sandblast             Erth           20%        2d7       7%          1

Your spell library contained the following spells:

 Spells                   Type           Power      Damage    Failure   Level
 Passwall                 Tmut/Erth      5%         N/A       14%         2
 Stone Arrow              Conj/Erth      12%        3d7       34%         3
 Petrify                  Tmut/Erth      7%         N/A       67%         4


Dungeon Overview and Level Annotations

Branches:
Dungeon (1/15)

Altars:


Message History

The giant cockroach barely misses you. The giant cockroach bites you.
You don't have enough magic to cast this spell.
You don't have enough magic to cast this spell.
You hit the giant cockroach but do no damage.
The giant cockroach is severely wounded.
The giant cockroach barely misses you.
You completely miss the giant cockroach.
Your punch misses the giant cockroach.
The giant cockroach is severely wounded.
The giant cockroach closely misses you.
You hit the giant cockroach but do no damage.
The giant cockroach is severely wounded.
The giant cockroach bites you but does no damage.
You barely miss the giant cockroach.
The giant cockroach is severely wounded.
The giant cockroach misses you.
You barely miss the giant cockroach.
The giant cockroach is severely wounded.
The giant cockroach barely misses you. The giant cockroach bites you.
You hit the giant cockroach but do no damage.
The giant cockroach is severely wounded.
The giant cockroach bites you but does no damage.
You hit the giant cockroach but do no damage.
The giant cockroach is severely wounded.
The giant cockroach bites you.
* * * LOW HITPOINT WARNING * * *
You barely miss the giant cockroach.
The giant cockroach is severely wounded.
The giant cockroach barely misses you.
You closely miss the giant cockroach.
The giant cockroach is severely wounded.
The giant cockroach bites you.
* * * LOW HITPOINT WARNING * * *
Aiming: Sandblast (safe; 7% risk of failure)
Press: ? - help, Q - select action Shift-Dir - straight line, f/p - giant cockroach
Aim: a giant cockroach (severely wounded, 82% to hit)
The blast of sand hits the giant cockroach.
You kill the giant cockroach!
The kobold hits you with a +0 club.
You die...

.# #.# .# #.# .#
#.# .####.#
......# ......#
.....#############
.♣~~.............#
♣~♣P♣###########@#
~~~~♣♣♣# #K#
~~~~~P~~# #.#
P~P~~~~~#
#.........
~~P~~~~P♣
#........#
~~P~~♣~♣♣
#.........
~~~~~~~♣
#........#
~~~≈~~~P
..........
≈~≈≈~♣~~
#........#


You could see a kobold.

Vanquished Creatures
  A bat (D:1)
  An endoplasm (D:1)
  A giant cockroach (D:1)
  A hobgoblin (D:1)
  A frilled lizard (D:1)
5 creatures vanquished.

Notes
Turn   | Place    | Note
-------+----------+-------------------------------------------
     0 | D:1      | frimble the Demonspawn Earth Elementalist began the quest
                  | for the Orb.
     0 | D:1      | Reached XP level 1. HP: 13/13 MP: 3/3
   128 | D:1      | Reached skill level 1 in Transmutations
   327 | D:1      | Slain by a kobold

Illustrated notes

Levels and vault maps discovered:
D:1:      mushboom_english_gardens, layout_basic, minivault_23,
          serial_bayou_lake_a

Skill      XL: |  1 |
---------------+----+-----
Transmutations | 1 |  1.0
Dodging        | |  1.8
Stealth        | |  1.9
Spellcasting   | |  2.0
Earth Magic    | |  2.7

Action                   || total
-------------------------++-------
Melee: Unarmed           ||    25
 Cast: Sandblast         ||    10
 Stab: Sleeping          ||     1
Armor: Robe              ||    11
Dodge: Dodged            ||    23

Table legend: (Time is in decaauts)
 A = Elapsed time spent in this place.
 B = Non-inter-level travel time spent in this place.
 C = Inter-level travel time spent in this place.
 D = Time resting spent in this place.
 E = Time spent auto-exploring this place.
 F = Levels seen in this place.
 G = Mean time per level.
                   A        B        C        D        E       F      G
               +--------+--------+--------+--------+--------+-----+--------+
         Total |    337 |    337 |      0 |      0 |    281 |   1 |  337.0 |
       Dungeon |    337 |    337 |      0 |      0 |    281 |   1 |  337.0 |
               +--------+--------+--------+--------+--------+-----+--------+

Top non-repeatable levels by time:
     D:1: 337 daAuts
